 Dungeon Crawl Stone Soup version 0.26.0-16-gc1dbca0489 (webtiles) character file.

Game seed: 12612438057573519929

613 EnegeticOcto the Sneak (level 7, -5/66 HPs)
             Began as a Deep Dwarf Delver on Jan 18, 2021.
             Was an Initiate of Ru.
             Slain by an orc warrior
             ... wielding a +0 trident
              (16 damage)
             ... on level 9 of the Dungeon.
             The game lasted 00:03:53 (714 turns).

EnegeticOcto the Sneak (Deep Dwarf Delver)           Turns: 714, Time: 00:03:54

Health: -5/66      AC: 10    Str: 17    XL:     7   Next: 20%
Magic:  5/5        EV:  6    Int: 11    God:    Ru [......]
Gold:   23         SH:  0    Dex: 14    Spells: 6/6 levels left

rFire    . . .     SeeInvis .   a - +1 hand axe
rCold    . . .     Faith    .   (no shield)
rNeg     . . .     Spirit   .   i - +0 plate armour
rPois    .         Reflect  .   (no helmet)
rElec    .         Harm     .   (no cloak)
rCorr    .         Rampage  .   (no gloves)
Will     +....                  (no boots)
Stlth    ..........             (no amulet)
HPRegen  0.00/turn              (no ring)
MPRegen  0.09/turn              (no ring)

@: non-regenerating
A: damage resistance, heal wounds, sense surroundings 1, no regeneration
a: Heal Wounds, Renounce Religion


You were on level 9 of the Dungeon.
You worshipped Ru.
Ru was noncommittal.
You visited 2 branches of the dungeon, and saw 7 of its levels.

You collected 23 gold pieces.

Inventory:

Hand Weapons
 a - a +1 hand axe (weapon)
Armour
 b - a +0 leather armour
 i - a +0 plate armour (worn)
   (You found it on level 6 of the Dungeon)
Wands
 d - a wand of polymorph (17)
   (You found it on level 5 of the Dungeon)
 g - a wand of digging (3) {@v3}
 m - a wand of paralysis (14)
   (You found it on level 8 of the Dungeon)
Scrolls
 c - a scroll of fog {!r}
 e - a scroll of fear {!r}
 j - a scroll of enchant weapon
Potions
 f - 2 potions of haste {@q4 !q}
 h - 3 potions of heal wounds {@q2 !q}
 l - a potion of mutation


   Skills:
 - Level 4.4 Fighting
 + Level 4.9 Axes
 - Level 4.6 Dodging
 - Level 7.8 Stealth


You had 6 spell levels left.
You didn't know any spells.
Your spell library was empty.

Dungeon Overview and Level Annotations

Branches:
Dungeon (9/15)             Temple (1/1) D:5
   Lair: D:8-11         Orc: D:9-12

Altars:
Cheibriados
Dithmenos
Elyvilon
Fedhas
Gozag
Hepliaklqana
Kikubaaqudgha
Nemelex Xobeh
Okawaru
Qazlal
Ru
Trog
Vehumet
Wu Jian
Yredelemnul
Zin


Innate Abilities, Weirdness & Mutations

You are resistant to damage.
You can heal yourself by infusing magical energy.
You passively map a small area around you.
You do not regenerate.


Message History

You are too injured to fight recklessly!
You are too injured to fight recklessly!
You are too injured to fight recklessly!
You are too injured to fight recklessly!
You are too injured to fight recklessly!
You are too injured to fight recklessly!
You are too injured to fight recklessly!
You are too injured to fight recklessly!
The hound bites you. The orc barely misses you.
The hound bites you but does no damage.
Press: ? - help, v - describe, . - travel The floor.
You closely miss the orc warrior. You closely miss the hound.
The orc warrior hits you but does no damage.
The hound bites you. The orc hits you but does no damage.
You feel much better. The hound bites you but does no damage.
The orc warrior hits you with a +0 trident!
The orc hits you but does no damage. The hound bites you but does no damage.
You hit the hound.
The hound is severely wounded.
You hit the orc warrior but do no damage.
The hound stops to sniff the ground.
The hound bites you.
The orc warrior hits you with a +0 trident!
The orc hits you but does no damage.
You are too injured to fight recklessly!
You are too injured to fight recklessly!
You are too injured to fight recklessly!
You are too injured to fight recklessly!
You are too injured to fight recklessly!
You are too injured to fight recklessly!
You are too injured to fight recklessly!
You are too injured to fight recklessly!
You are too injured to fight recklessly!
You are too injured to fight recklessly!
You are too injured to fight recklessly!
You are too injured to fight recklessly!
You are too injured to fight recklessly!
You are too injured to fight recklessly!
You are too injured to fight recklessly!
You barely miss the orc warrior. You closely miss the hound.
The hound bites you.
The orc warrior hits you with a +0 trident.
The orc hits you from afar with a +0 trident.
The hound bites you but does no damage.
You feel much better. The hound bites you but does no damage.
The orc warrior hits you with a +0 trident!
The orc hits you but does no damage.
You slash the orc warrior!
The orc warrior is moderately wounded.
You hit the hound.
The hound bites you but does no damage. x2
The orc warrior barely misses you. The orc hits you but does no damage.
You closely miss the orc warrior.
The orc warrior is moderately wounded.
You hit the hound.
You kill the hound!
The orc warrior hits you but does no damage.
The orc hits you but does no damage.
You hit the orc warrior.
The orc warrior is moderately wounded.
Your plate armour prevents you from hitting the orc.
The orc hits you but does no damage. The orc warrior closely misses you.
The orc hits you but does no damage.
You closely miss the orc warrior.
The orc warrior is moderately wounded.
You slash the orc!
You kill the orc!
The orc warrior barely misses you.
The orc hits you from afar with a +0 trident.
You slash the orc warrior!
The orc warrior is severely wounded.
You barely miss the ogre. The ogre hits you with a +0 giant club.
The orc warrior hits you with a +0 trident!
The orc hits you from afar with a +0 trident.
Your plate armour prevents you from hitting the orc warrior.
The orc warrior is severely wounded.
You hit the ogre. The orc warrior barely misses you.
The ogre barely misses you.
The orc hits you from afar with a +0 trident.
You hit the orc warrior but do no damage.
The orc warrior is severely wounded.
You hit the ogre.
The orc warrior hits you with a +0 trident!
* * * LOW HITPOINT WARNING * * *
The orc hits you but does no damage. The ogre completely misses you.
Your plate armour prevents you from hitting the orc warrior.
The orc warrior is severely wounded.
You hit the ogre. The orc warrior barely misses you.
The orc hits you from afar with a +0 trident.
You hit the orc warrior.
The orc warrior is almost dead.
You hit the ogre but do no damage. The ogre hits you but does no damage.
The orc warrior hits you with a +0 trident!
* * * LOW HITPOINT WARNING * * *
The orc hits you from afar with a +0 trident.
You barely miss the orc warrior.
The orc warrior is almost dead.
You completely miss the ogre. The ogre barely misses you.
The orc warrior hits you with a +0 trident!!
You die...

........# ###..
........####### , ....
*
#####.........####..#*
, #
#...............### #
#.................. #
#...............# * #
#.........(..# .## #
#............#...##. *
# #...........@Oo_....
# #(........#o##...#..
# #.........#o# #.##
#####.........#o# ...
, ***
.....(.....(..#.. ,
... #################
... ,...


You could see an orc warrior, an ogre and 3 orcs.

Vanquished Creatures
  A black bear (D:6)
  An ogre (D:6)
  2 centaurs (D:6)
  A scorpion (D:5)
  2 hounds
  2 jellies (D:6)
  A centaur skeleton (D:7)
  An orc wizard (D:5)
  An iguana (D:6)
  2 adders (D:6)
  A shadow imp (D:6)
  2 adder skeletons
  5 orcs
  2 jackals (D:7)
24 creatures vanquished.

Vanquished Creatures (others)
  3 plants (D:5)
3 creatures vanquished.

Grand Total: 27 creatures vanquished

Notes
Turn   | Place    | Note
-------+----------+-------------------------------------------
     0 | D:5      | EnegeticOcto the Deep Dwarf Delver began the quest for the
                  | Orb.
     0 | D:5      | Reached XP level 1. HP: 20/20 MP: 1/1
    41 | D:5      | Found a white marble altar of Elyvilon.
    79 | D:5      | Noticed a scorpion
    81 | D:5      | Noticed an orc wizard
    82 | D:5      | Noticed a phantom
   103 | D:5      | Killed a scorpion
   104 | D:5      | Reached skill level 3 in Fighting
   104 | D:5      | Reached XP level 2. HP: 21/28 MP: 2/2
   104 | D:5      | Reached XP level 3. HP: 25/34 MP: 3/3
   107 | D:5      | Reached skill level 3 in Axes
   107 | D:5      | Reached skill level 3 in Dodging
   107 | D:5      | Reached XP level 4. HP: 24/42 MP: 4/4
   153 | D:5      | Found a staircase to the Ecumenical Temple.
   160 | Temple   | Entered the Ecumenical Temple
   182 | Temple   | Became a worshipper of Ru the Awakened
   212 | D:5      | You fall into a shaft and drop 1 floor!
   212 | D:6      | Noticed a centaur
   225 | D:6      | Killed a centaur
   226 | D:6      | Reached XP level 5. HP: 26/49 MP: 5/5
   241 | D:6      | Reached skill level 7 in Stealth
   250 | D:6      | Noticed a black bear
   304 | D:6      | Killed a black bear
   305 | D:6      | Reached XP level 6. HP: 12/57 MP: 6/6
   316 | D:6      | Reached skill level 4 in Axes
   316 | D:6      | Reached skill level 4 in Dodging
   318 | D:6      | Your magical essence is drained by the effort!
   320 | D:6      | Found a bloodstained altar of Trog.
   345 | D:6      | Reached skill level 4 in Fighting
   382 | D:6      | Your magical essence is drained by the effort!
   460 | D:6      | Reached XP level 7. HP: 51/64 MP: 5/5
   469 | D:6      | Found a basalt altar of Yredelemnul.
   683 | D:9      | Found an ornate altar of the Wu Jian Council.
   714 | D:9      | Slain by an orc warrior

Illustrated notes

Levels and vault maps discovered:
D:4:      layout_basic
D:5:      layout_loops_cross, kennysheep_mini,
          minmay_temple_entry_gardened_gates, kennysheep_another_room
D:6:      layout_cave_pools, nicolae_overflow_hidden_temple,
          kennysheep_mini_moat
D:7:      layout_cave_pods, old_standard_altar
D:8:      layout_gridville
D:9:      layout_small_grid, nicolae_overflow_crystal_walls,
          general_overflow_altar, dpeg_oklobed_lair
Temple:   minmay_temple_bridge_abc

Skill      XL: |  1  2  3  4  5  6 |
---------------+-------------------+-----
Fighting       | 3 4 |  4.4
Axes           | 3 4 |  4.9
Dodging        | 3 4 |  4.6
Stealth        | 7 |  7.8

Action                   |  1- 3 |  4- 6 |  7- 9 || total
-------------------------+-------+-------+-------++-------
Melee: Hand axe          |    16 |   101 |    49 ||   166
 Abil: Heal Wounds       |     1 |    11 |     2 ||    14
  Use: Scroll            |     1 |       |     4 ||     5
 Stab: Sleeping          |       |     1 |       ||     1
Armor: Leather armour    |     3 |    19 |       ||    22
       Plate armour      |       |    41 |    59 ||   100
Dodge: Dodged            |    12 |   102 |    25 ||   139
